AoeStats
← TikolaNesla

Black Forest

508193454Analyzed
2v2 RM · 11d ago on Sep 21, 2026· 36m 19s· 4 players
Game mode
Random Map
Map size
Medium (4 player)
Population
200
Speed
Normal
Resources
Standard
Victory
Conquest
Starting age
Dark Age
Ending age
Imperial Age
RankedLock teamsTeams togetherTeam positionsShared explorationLock speedFull tech treeHidden civsTurbo modeCheats
Victory
Defeat
🇵🇬 Burgundians · Papua New Guinea
895
+14
🇦🇺 Maya · Australia
880
+14
🇧🇪 Spanish · Belgium
873
-15
🇬🇧 Saracens · United Kingdom
822
-27
Apex_predator
0:42 Loom
17:03 Feudal Age
19:03 Man-at-Arms
20:16 Arson
23:15 Gold Mining
23:55 Double-Bit Axe
24:24 Horse Collar
26:47 Fletching
28:08 Padded Archer Armor
33:32 Castle Age
33:46 Crossbowman
34:47 Heavy Plow
36:21 Bodkin Arrow
LyricLearner240
1:58 Loom
18:49 Feudal Age
17:39 Double-Bit Axe
19:45 Stone Mining
20:11 Horse Collar
20:33 Man-at-Arms
22:41 Fletching
23:31 Arson
24:09 Padded Archer Armor
34:47 Castle Age
33:30 Scale Barding Armor
35:08 Crossbowman
Gokui
0:37 Loom
20:32 Feudal Age
TikolaNesla
19:30 Feudal Age
19:50 Man-at-Arms
Connection lost

Rejoining the realm…

Still unreachable

The connection could not be restored.

Session expired

The server has moved on; the page needs a fresh start.